 Dungeon Crawl Stone Soup version 0.31-a0-233-g139696dc86 (webtiles) character file.

Game seed: 68485204190796667

4 Iniera the Stinger (level 1, 0/13 HPs)
             Began as a Demonspawn Venom Mage on July 8, 2023.
             Slain by a worm (8 damage)
             ... on level 2 of the Dungeon.
             The game lasted 00:00:26 (846 turns).

Iniera the Stinger (Demonspawn Venom Mage)           Turns: 846, Time: 00:00:27

Health: 0/13       AC:  2    Str:  8    XL:     1   Next: 58%
Magic:  3/3        EV:  9    Int: 16    God:
Gold:   42         SH:  0    Dex: 13    Spells: 3/4 levels left

rFire   . . .        (no weapon)
rCold   . . .        (no shield)
rNeg    . . .        a - +0 robe
rPois   .            (no helmet)
rElec   .            (no cloak)
rCorr   .            (no gloves)
SInv    .            (no boots)
Will    .....        (no amulet)
Stlth   ++           (no ring)
HPRegen 0.22/turn    (no ring)
MPRegen 0.08/turn

%: no passive effects
@: constricted
A: no striking features
a: no special abilities


You were on level 2 of the Dungeon.
You visited 1 branch of the dungeon, and saw 2 of its levels.

You collected 42 gold pieces.

Inventory:

Armour
 a - a +0 robe (worn)
Scrolls
 d - a scroll of identify
Potions
 b - a potion of magic
 f - a potion of brilliance


   Skills:
 - Level 1.7 Dodging
 - Level 1.7 Stealth
 + Level 2.1 Spellcasting
 + Level 1.1 Transmutations
 + Level 3.1 Poison Magic


You had 3 spell levels left.
You knew the following spells:

 Your Spells              Type           Power      Damage    Failure   Level
a - Sting                 Tmut/Pois      32%        1d4       9%          1

Your spell library contained the following spells:

 Spells                   Type           Power      Damage    Failure   Level
 Poisonous Vapours        Pois/Air       12%        N/A       16%         2
 Mephitic Cloud           Conj/Pois/Air  5%         N/A       38%         3
 Olgreb's Toxic Radiance  Pois           11%        N/A       50%         4


Dungeon Overview and Level Annotations

Branches:
Dungeon (2/15)

Altars:


Message History

You drop a ring of fire.
Done exploring.
Done exploring.
As you read the scroll labelled FAETZI IMIMEUS, it crumbles to dust.
It is a scroll of identify.
f - a potion of brilliance
As you read the scroll labelled YCEXINAMUH, it crumbles to dust.
You hear a loud clanging noise!
It was a scroll of noise.
As you read the scroll labelled CIUKERHOS WIPHOA, it crumbles to dust.
Your body is wracked with pain!
It was a scroll of torment.
Done exploring.
Done exploring.
Done exploring.
(D) Dungeon
Where to? (? - help)
You see here a +0 sling.
There is a stone staircase leading down here.
You climb downwards.
Found a runed chain mail.
There is a stone staircase leading up here.
There are monsters nearby!
There are monsters nearby!
There are monsters nearby!
There are monsters nearby!
The ball python hisses angrily.
The sting hits the worm.
The worm is poisoned.
The worm is lightly wounded.
The worm completely misses you.
There is a stone staircase leading up here.
You climb upwards.
There is a stone staircase leading down here.
You start resting.
Magic restored.
You climb downwards.
The ball python barely misses you. The ball python closely misses you.
The ball python barely misses you. The ball python grabs you.
The ball python constricts you. The worm bites you. The worm bites you!
Ouch! That really hurt!
You die...

#. #S. ....
##.#.. .
####......
.[.###.wS......
...S...@.......
##.###..w......
#.........
#.......###
.........#
#..#......#
#..#......#
.......#### ##.
#....


You could see 2 worms, an adder (asleep) and 2 ball pythons.

Vanquished Creatures
  A goblin (D:1)
  A hobgoblin (D:1)
  2 ball pythons (D:1)
  A bat (D:1)
5 creatures vanquished.

Notes
Turn   | Place    | Note
-------+----------+-------------------------------------------
     0 | D:1      | Iniera the Demonspawn Venom Mage began the quest for the
                  | Orb.
     0 | D:1      | Reached XP level 1. HP: 13/13 MP: 3/3
   171 | D:1      | Reached skill level 1 in Transmutations
   846 | D:2      | Slain by a worm

Illustrated notes

Levels and vault maps discovered:
D:1:      ldierk_walled_garden_2, layout_loops_ring
D:2:      layout_rooms, dreamdust_ecumenical_altar_angels_and_demons

Skill      XL: |  1 |
---------------+----+-----
Transmutations | 1 |  1.1
Dodging        | |  1.7
Stealth        | |  1.7
Spellcasting   | |  2.1
Poison Magic   | |  3.1

Action                     || total
---------------------------++-------
  Melee: Unarmed           ||     7
         Punch             ||     1
   Cast: Sting             ||    10
    Use: Scroll            ||     3
 Armour: Robe              ||     3
  Dodge: Dodged            ||    12

Table legend: (Time is in decaauts)
 A = Elapsed time spent in this place.
 B = Non-inter-level travel time spent in this place.
 C = Inter-level travel time spent in this place.
 D = Time resting spent in this place.
 E = Time spent auto-exploring this place.
 F = Levels seen in this place.
 G = Mean time per level.
                   A        B        C        D        E       F      G
               +--------+--------+--------+--------+--------+-----+--------+
         Total |    847 |    797 |     50 |      8 |    728 |   2 |  423.5 |
       Dungeon |    847 |    797 |     50 |      8 |    728 |   2 |  423.5 |
               +--------+--------+--------+--------+--------+-----+--------+

Top non-repeatable levels by time:
     D:1: 842 daAuts
     D:2: 4 daAuts
